 Dungeon Crawl Stone Soup version 0.22.1-2-g9c5b331383 (webtiles) character file.

1043 Peloso the Shield-Bearer (level 8, -5/68 HPs)
             Began as a Minotaur Fighter on Dec 31, 2018.
             Was an Initiate of Okawaru.
             Slain by an orc warrior
             ... wielding a +0 battleaxe
              (17 damage)
             ... on level 5 of the Dungeon.
             The game lasted 00:08:25 (3968 turns).

Peloso the Shield-Bearer (Minotaur Fighter)         Turns: 3968, Time: 00:08:26

Health: -5/68      AC: 11    Str: 27    XL:     8   Next: 4%
Magic:  7/7        EV:  7    Int:  5    God:    Okawaru [......]
Gold:   351        SH: 11    Dex: 11    Spells: 7/7 levels left

rFire    . . .     SeeInvis .   a - +0 long sword
rCold    . . .     Gourm    .   c - +0 shield
rNeg     . . .     Faith    .   n - +0 chain mail (curse)
rPois    +         Spirit   .   (helmet restricted)
rElec    .         Reflect  .   (no cloak)
rCorr    .         Harm     .   (no gloves)
MR       .....                  o - +0 pair of boots
Stlth    ..........             h - amulet of rage
HPRegen  0.21/turn              j - ring of poison resistance
MPRegen  0.10/turn              (no ring)

@: mighty
A: retaliatory headbutt, horns 2
a: Renounce Religion, Evoke Berserk Rage


You were on level 5 of the Dungeon.
You worshipped Okawaru.
Okawaru was noncommittal.
You were very hungry.

You visited 2 branches of the dungeon, and saw 7 of its levels.

You collected 351 gold pieces.

Inventory:

Hand Weapons
 a - a +0 long sword (weapon)
Armour
 b - a +0 scale mail
 c - a +0 shield (worn)
 n - a cursed +0 chain mail (worn)
 o - a +0 pair of boots (worn)
Jewellery
 h - an amulet of rage (around neck)
 j - a ring of poison resistance (left hand)
Wands
 p - a wand of flame (24)
 q - a wand of iceblast (6)
 u - a wand of clouds (5)
Scrolls
 e - 8 scrolls of identify {unknown}
 i - 2 scrolls of enchant weapon {unknown}
 k - 2 scrolls of teleportation {unknown}
 s - 2 scrolls of remove curse {unknown}
 t - a scroll of magic mapping {unknown}
Potions
 d - 2 potions of might
 g - 2 potions of flight
 l - 2 potions of curing
 m - a potion of lignification {unknown}
 r - 2 potions of invisibility {unknown}
 v - a potion of berserk rage {unknown}
Comestibles
 f - 10 rations


   Skills:
 + Level 5.0 Fighting
 + Level 7.0 Long Blades
 + Level 6.1 Armour
 + Level 1.8 Dodging
 + Level 0.4 Stealth
 + Level 7.1 Shields


You had 7 spell levels left.
You didn't know any spells.
Your spell library contained the following spells:

 Spells                   Type           Power        Failure   Level  Hunger
 Beastly Appendage        Tmut           #.....       100%        1    ##.....
 Corona                   Hex            #......      100%        1    ##.....
 Ensorcelled Hibernation  Hex/Ice        #.....       100%        2    ###....
 Sticks to Snakes         Tmut           #.......     100%        2    ###....
 Confuse                  Hex            #.......     100%        3    ####...
 Dazzling Spray           Conj/Hex       #.....       100%        3    ####...
 Spider Form              Tmut/Pois      #.........   100%        3    ####...
 Tukima's Dance           Hex            #.......     100%        3    ####...
 Ice Form                 Ice/Tmut       #.......     100%        4    #####..
 Blade Hands              Tmut           #.........   100%        5    ######.


Dungeon Overview and Level Annotations

Branches:
Dungeon (6/15)             Temple (1/1) D:5

Altars:
Ashenzari
Cheibriados
Dithmenos
Elyvilon
Fedhas
Okawaru
Sif Muna
Vehumet


Innate Abilities, Weirdness & Mutations

You reflexively headbutt those who attack you in melee.
You have a pair of horns on your head.


Message History

The orc barely misses you. You block the orc warrior's attack.
There is a stone staircase leading up here.
You block the orc warrior's attack. The orc hits you but does no damage.
You climb upwards.
There is a stone staircase leading down here.
Your chain mail prevents you from hitting the orc warrior.
The orc warrior is lightly wounded.
The orc warrior barely misses you.
You riposte.
You completely miss the orc warrior.
The orc warrior is lightly wounded.
You feel very mighty all of a sudden. You block the orc warrior's attack.
You closely miss the orc warrior.
The orc warrior is lightly wounded.
The orc warrior hits you with a battleaxe.
* * * LOW HITPOINT WARNING * * *
You hit the orc warrior.
The orc warrior is lightly wounded.
The orc warrior hits you with a battleaxe!
You die...

.....................#####
.........................#
..........>......####.##.###
##...###...##...## ##.##...#
#.#......##########..######
#.###.......# #...## #.#
#.......#####.### #[#
#.........o.....# #.#
#..........@....#
#.###.##.##.........#
#.##..##.##...####'####
##.##..##......#.......####
...........#...#.......#..##
...............'...>...'...##
........(..##..#.......#....#
.........#.##..#.......#....#
.........#.########'####....#


You could see an orc warrior.

Vanquished Creatures
  A steam dragon (D:5)
  Edmund (D:4)
  An ice beast (D:5)
  A sky beast (D:6)
  A bullfrog (D:4)
  2 wights (D:6)
  A jelly (D:5)
  An orc wizard (D:6)
  3 bullfrog skeletons
  An orc priest (D:3)
  Jessica (D:2)
  An iguana (D:5)
  Ijyb (D:3)
  A worker ant (D:4)
  7 adders
  An ooze (D:1)
  3 adder skeletons
  A worm (D:5)
  2 dart slugs
  3 leopard geckos (D:1)
  19 orcs
  4 giant cockroaches
  11 goblins
  4 hobgoblins (D:1)
  13 jackals
  3 quokkas
  8 bats
  5 frilled lizards
  8 kobolds
  A leopard gecko skeleton (D:4)
  7 rats
117 creatures vanquished.

Notes
Turn   | Place    | Note
-------+----------+-------------------------------------------
     0 | D:1      | Peloso the Minotaur Fighter began the quest for the Orb.
     0 | D:1      | Reached XP level 1. HP: 19/19 MP: 0/0
   111 | D:1      | Reached XP level 2. HP: 22/27 MP: 1/1
   245 | D:1      | Reached XP level 3. HP: 24/33 MP: 2/2
   909 | D:2      | Noticed Jessica
   913 | D:2      | Killed Jessica
   913 | D:2      | Reached XP level 4. HP: 40/40 MP: 3/3
  1504 | D:3      | Reached skill level 1 in Dodging
  1504 | D:3      | Reached XP level 5. HP: 20/46 MP: 4/4
  2080 | D:3      | Reached skill level 5 in Shields
  2157 | D:3      | Reached skill level 5 in Armour
  2207 | D:3      | Noticed Ijyb
  2215 | D:3      | Killed Ijyb
  2455 | D:4      | Reached XP level 6. HP: 44/52 MP: 5/5
  2516 | D:4      | Noticed Edmund
  2539 | D:4      | Killed Edmund
  2539 | D:4      | Reached skill level 5 in Long Blades
  2938 | D:4      | Found a shattered altar of Ashenzari.
  3170 | D:4      | Reached XP level 7. HP: 59/60 MP: 6/6
  3292 | D:5      | Entered Level 5 of the Dungeon
  3328 | D:5      | Found a shadowy altar of Dithmenos.
  3596 | D:5      | Noticed a steam dragon
  3602 | D:5      | Killed a steam dragon
  3700 | D:5      | Found a staircase to the Ecumenical Temple.
  3858 | Temple   | Entered the Ecumenical Temple
  3881 | Temple   | Became a worshipper of Warmaster Okawaru
  3945 | D:6      | Reached XP level 8. HP: 39/67 MP: 7/7
  3951 | D:6      | Reached skill level 5 in Fighting
  3968 | D:5      | Slain by an orc warrior

Skill      XL: |  1  2  3  4  5  6  7  8 |
---------------+-------------------------+-----
Armour         | 4 5 6 |  6.1
Shields        | 4 5 6 7 |  7.1
Fighting       | 4 5 |  5.0
Long Blades    | 3 4 5 7 |  7.0
Dodging        | 1 |  1.8
Stealth        | |  0.4

Action                   |  1- 3 |  4- 6 |  7- 9 || total
-------------------------+-------+-------+-------++-------
Melee: Long sword        |    71 |   222 |    87 ||   380
       Headbutt          |    10 |    43 |    22 ||    75
  Use: Potion            |       |     2 |     1 ||     3
  Eat: Chunk             |       |     6 |     3 ||     9
Armor: Scale mail        |    43 |    27 |       ||    70
       Chain mail        |       |    96 |    30 ||   126
Dodge: Dodged            |    29 |    61 |    22 ||   112
Block: Shield            |    52 |   158 |    45 ||   255
       Rpst.: Long sword |    10 |    16 |    10 ||    36
